 Dungeon Crawl Stone Soup version 0.31.0-11-ge490571c62 (webtiles) character file.

Game seed: 12893526635129090866

20181 solopath the Brawler (level 11, -2/107 HPs)
             Began as a Troll Fighter on Jan 28, 2024.
             Was a Priest of Ru.
             Killed by mirror damage (16 damage)
             ... on level 12 of the Dungeon.
             The game lasted 00:17:59 (10763 turns).

solopath the Brawler (Troll Fighter)               Turns: 10763, Time: 00:18:00

Health: -2/107     AC: 11    Str: 26    XL:     11   Next: 43%
Magic:  10/10      EV:  7    Int: 10    God:    Ru [***...]
Gold:   1026       SH: 16    Dex: 11    Spells: 10/10 levels left

rFire   . .          .
                       - Unarmed
rCold   . . .        b - +1 kite shield
rNeg    . . .        B - +0 swamp dragon scales
rPois   +            (helmet restricted)
rElec   .            n - scarf {repulsion}
rCorr   .            (gloves unavailable)
SInv    .            (boots unavailable)
Will    .....        M - amulet of reflection
Stlth   +            w - +6 ring of intelligence
HPRegen 1.17/turn    (no ring)
MPRegen 0.12/turn

%: repel missiles, reflection
@: no status effects
A: large, unfitting armour, claws 3, dopey 1, regeneration 1, shaggy fur 1,
tough skin 1, inability to train dodging, inexperienced 1
a: Renounce Religion, Draw Out Power


You were on level 12 of the Dungeon.
You worshipped Ru.
Ru was most pleased with you.
You visited 2 branches of the dungeon, and saw 14 of its levels.
You also visited: Sewer, Ossuary and Bailey.

You collected 1026 gold pieces.

Inventory:

Hand Weapons
 G - a +1 scimitar of flaming
Missiles
 f - 72 poisoned darts (quivered)
 L - 7 throwing nets
Armour
 a - a +0 robe
 b - a +1 kite shield (worn)
 n - a scarf of repulsion (worn)
 B - +0 swamp dragon scales (worn)
Jewellery
 w - a +6 ring of intelligence (left claw)
 E - an amulet of the acrobat
 F - a ring of magical power
 M - an amulet of reflection (around neck)
Wands
 k - a wand of charming (11)
 r - a wand of roots (21)
 u - a wand of flame (30)
 C - a wand of digging (5)
 I - a wand of mindburst (5)
 J - a wand of light (6)
Scrolls
 d - 2 scrolls of enchant armour
 g - 2 scrolls of fog
 i - 4 scrolls of fear
 j - 5 scrolls of poison
 m - a scroll of identify
 x - 5 scrolls of teleportation
 y - a scroll of silence
 z - 2 scrolls of butterflies
 D - a scroll of revelation
 K - a scroll of immolation {unknown}
Potions
 c - 2 potions of might
 h - 2 potions of magic
 l - 9 potions of haste
 o - 3 potions of cancellation
 p - a potion of resistance {unknown}
 q - a potion of lignification
 s - 4 potions of mutation {unknown}
 t - 4 potions of curing {unknown}
 v - 5 potions of attraction {unknown}
 A - a potion of berserk rage {unknown}
 H - a potion of enlightenment {unknown}
Miscellaneous
 e - a phial of floods (inert)


   Skills:
 - Level 6.6 Fighting
 + Level 6.3 Armour
 - Level 8.9 Shields
 * Level 15.4 Unarmed Combat


You had 10 spell levels left.
You didn't know any spells.
Your spell library contained the following spells:

 Spells                   Type           Power      Damage    Failure   Level
 Kiss of Death            Conj/Necr      0%         2d5       67%         1
 Cigotuvi's Dreadful Rot  Necr/Alch/Air  0%         N/A       82%         2
 Confusing Touch          Hex            0%         N/A       96%         3
 Inner Flame              Hex/Fire       0%         N/A       96%         3
 Ozocubu's Armour         Ice            0%         N/A       96%         3
 Stone Arrow              Conj/Erth      0%         3d7       96%         3
 Tukima's Dance           Hex            0%         N/A       96%         3
 Animate Armour           Summ/Erth      0%         N/A       100%        4
 Brom's Barrelling Bould  Conj/Erth      0%         2d3       100%        4
 Dimensional Bullseye     Hex/Tloc       0%         N/A       100%        4
 Dispel Undead            Necr           0%         3d6       100%        4
 Iskenderun's Mystic Bla  Conj/Tloc      0%         2d3       100%        4
 Leda's Liquefaction      Alch/Erth      0%         N/A       100%        4
 Martyr's Knell           Necr/Summ      0%         N/A       100%        4
 Summon Lightning Spire   Summ/Air       0%         N/A       100%        4
 Fireball                 Conj/Fire      0%         3d3       100%        5
 Irradiate                Conj/Alch      0%         3d11      100%        5
 Iskenderun's Battlesphe  Conj           0%         2d6       100%        5
 Lee's Rapid Deconstruct  Erth           0%         3d4*      100%        5
 Metabolic Englaciation   Hex/Ice        0%         N/A       100%        5
 Bombard                  Conj/Erth      0%         9d1       100%        6
 Conjure Ball Lightning   Conj/Air       0%         3x3d6     100%        6
 Death Channel            Necr           0%         N/A       100%        6
 Sculpt Simulacrum        Ice/Alch       0%         N/A       100%        6
 Orb of Destruction       Conj           0%         9d5       100%        7
 Ignition                 Fire           0%         3d3       100%        8
 Lehudib's Crystal Spear  Conj/Erth      0%         10d2      100%        8


Dungeon Overview and Level Annotations

Branches:
Dungeon (13/15)            Temple (1/1) D:7            Lair (0/5) D:11
    Orc (0/2) D:9          Vaults (0/5) D:13          Sewer (visited)
Ossuary (visited)          Bailey (visited)

Altars:
Ashenzari
Cheibriados
Dithmenos
Elyvilon
Fedhas
Gozag
Hepliaklqana
Kikubaaqudgha
Makhleb
Nemelex Xobeh
Okawaru
Qazlal
Ru
Sif Muna
Trog
Uskayaw
Vehumet
Wu Jian
Xom
Yredelemnul
Zin
The Shining One

Annotations:
D:7 1 runed translucent door, seawaffle's ghost, novice TrFi


Innate Abilities, Weirdness & Mutations

You are too large for most types of armour.
You have claws for hands.
You are dopey. (Int -2)
Your natural rate of healing is unusually fast.
You are covered in fur. (AC +1)
You have tough skin. (AC +1)
You cannot train Dodging skill.
You are somewhat inexperienced. (-1 XL)


Message History

You destroy the phantasmal warrior!
You block the death knight's attack. You block the wraith's attack.
The death knight is stunned by your conviction and fails to attack.
You climb upwards.
There is a stone staircase leading down here.
Unknown command.
You claw the wraith!
The wraith is moderately damaged.
You block the wraith's attack.
You mangle the wraith!!
You destroy the wraith!
The death knight calls down the wrath of Yredelemnul upon you.
Your body is wracked with pain!
You barely miss the death knight.
The death knight is lightly wounded.
You block the death knight's attack.
You closely miss the death knight.
The death knight is lightly wounded.
The death knight hits you with a +2 morningstar!
You mangle the death knight!!
The death knight is moderately wounded.
The death knight hits you with a +2 morningstar!
* * * LOW HITPOINT WARNING * * *
You claw the death knight!
The death knight is heavily wounded.
You barely miss the death knight.
The death knight is heavily wounded.
The death knight hits you with a +2 morningstar!
* * * LOW HITPOINT WARNING * * *
You barely miss the death knight.
The death knight is heavily wounded.
You block the death knight's attack.
You mangle the death knight!!
The death knight is severely wounded.
The death knight offers itself to Yredelemnul, and fills with unholy energy.
You mangle the death knight!!
You kill the death knight!
Your damage is reflected back at you!
You die...

#...# #.# #####...# #.#
#...>...# #.# ### #.......#
########.# #.. #...)...#
#........####.. #.......#
#.............^
#.......####..............
#.........................
####........@....<...........
#..........))...#######'#....
#...............#.......#....
#.............[.#.......#....
#.....########..#.......###..
#.....# #..#.........#..
#.....# #..#.........###
#.....# #..#...........#
#.....# #..#...........#


There were no monsters in sight!

Vanquished Creatures
  Erolcha (D:9)
  A death knight (D:12)
  A two-headed ogre (D:11)
  Erica (D:9)
  A dancing weapon (D:11)
  3 death yaks
  A tengu warrior (D:13)
  The ghost of SuperJoe the Nimble, a journeyman FeCA of Ignis (D:11)
  A phantasmal warrior (D:13)
  3 manticores
  A cyclops (D:11)
  An ugly thing (D:13)
  A gargoyle (D:12)
  Maggie (D:7)
  2 yaktaurs (D:13)
  A kobold demonologist (D:10)
  A komodo dragon (D:9)
  A hornet (D:8)
  2 trolls (D:13)
  Prince Ribbit (D:9)
  A vampire (D:8)
  3 shadows
  2 wraiths
  18 yaks
  Grum (Bailey)
  A basilisk (D:12)
  15 vampire mosquitoes
  2 steam dragons
  4 orc warriors
  2 black bears
  3 ogres
  An ice beast (D:7)
  3 wolves (Bailey)
  2 phantoms
  3 centaurs
  3 kobold brigands
  2 elf zombies (Ossuary)
  3 bullfrogs
  6 gnoll sergeants
  10 wights
  4 killer bees (D:10)
  4 howler monkeys
  3 centaur zombies (Ossuary)
  5 hounds
  2 jellies
  6 gnoll boudas (Bailey)
  5 orc priests
  2 sleepcaps (D:6)
  A hell rat (D:11)
  5 orc wizards
  6 hound zombies (Ossuary)
  2 mummies (Ossuary)
  10 gnolls
  11 adders
  10 river rats
  3 white imps
  4 ufetubi
  4 adder zombies (Ossuary)
  4 dart slugs
  3 ribbon worms (D:2)
  30 orcs
  6 endoplasms
  2 giant cockroaches (D:4)
  5 goblins
  5 hobgoblins
  2 jackals (D:1)
  24 kobolds
  A quokka (D:1)
  6 ball pythons
  10 bats
  5 frilled lizards
  7 gnoll zombies (Ossuary)
  2 jackal zombies (Ossuary)
  3 kobold zombies (Ossuary)
  10 orc zombies (Ossuary)
  24 rats
347 creatures vanquished.

Vanquished Creatures (others)
  A tengu conjurer (D:13)
1 creature vanquished.

Grand Total: 348 creatures vanquished

Notes
Turn   | Place    | Note
-------+----------+-------------------------------------------
     0 | D:1      | solopath the Troll Fighter began the quest for the Orb.
     0 | D:1      | Reached XP level 1. HP: 22/22 MP: 0/0
   158 | D:1      | Reached XP level 2. HP: 29/29 MP: 1/1
   730 | D:2      | Reached skill level 3 in Unarmed Combat
   842 | D:2      | Reached XP level 3. HP: 36/36 MP: 2/2
   993 | D:2      | Found a glowing golden altar of the Shining One.
  1292 | D:3      | Found a glowing drain.
  1314 | Sewer    | Entered a sewer
  1338 | Sewer    | Reached XP level 4. HP: 28/44 MP: 3/3
  1485 | Sewer    | Reached skill level 4 in Unarmed Combat
  1542 | Sewer    | Reached XP level 5. HP: 44/50 MP: 4/4
  1563 | Sewer    | Reached skill level 5 in Unarmed Combat
  1563 | Sewer    | Reached XP level 6. HP: 59/59 MP: 5/5
  2429 | D:3      | Found a glowing silver altar of Zin.
  2771 | D:4      | Reached skill level 6 in Unarmed Combat
  3028 | D:4      | Reached XP level 7. HP: 65/66 MP: 6/6
  3227 | D:5      | Entered Level 5 of the Dungeon
  3305 | D:5      | Found a sand-covered staircase.
  3310 | Ossuary  | Entered an ossuary
  3406 | Ossuary  | Reached skill level 5 in Shields
  3483 | Ossuary  | Reached skill level 7 in Unarmed Combat
  3964 | D:5      | Reached XP level 8. HP: 74/74 MP: 7/7
  4047 | D:5      | Reached skill level 8 in Unarmed Combat
  5339 | D:7      | Noticed Maggie
  5353 | D:7      | Killed Maggie
  5354 | D:7      | Reached skill level 9 in Unarmed Combat
  5524 | D:7      | Reached XP level 9. HP: 70/84 MP: 8/8
  5622 | D:7      | Found a staircase to the Ecumenical Temple.
  5631 | Temple   | Entered the Ecumenical Temple
  5650 | Temple   | Became a worshipper of Ru the Awakened
  5759 | D:7      | Found a runed translucent door.
  5759 | D:7      | Noticed seawaffle's ghost (novice TrFi)
  5873 | D:7      | Reached skill level 10 in Unarmed Combat
  6198 | D:8      | Paralysed by a hornet for 3 turns
  6329 | D:8      | Identified the +3 shortbow "Podesoc" {antimagic, Dex+2}
  6509 | D:8      | Gained mutation: You are somewhat inexperienced. (-1 XL)
                  | [Ru sacrifice]
  6509 | D:8      | Reached XP level 8. HP: 79/79 MP: 7/7
  6509 | D:8      | Reached * piety under Ru
  6601 | D:8      | Reached skill level 5 in Fighting
  6609 | D:8      | Reached skill level 11 in Unarmed Combat
  6615 | D:8      | Reached XP level 9. HP: 68/88 MP: 8/8
  6874 | D:9      | Noticed Erica
  6889 | D:9      | Killed Erica
  6890 | D:9      | Reached skill level 1 in Armour
  6981 | D:9      | Found a staircase to the Orcish Mines.
  7122 | D:9      | Noticed Prince Ribbit
  7140 | D:9      | Killed Prince Ribbit
  7204 | D:9      | Noticed Erolcha
  7214 | D:9      | Reached skill level 12 in Unarmed Combat
  7219 | D:9      | Killed Erolcha
  7321 | D:9      | Found a basalt altar of Yredelemnul.
  7374 | D:9      | Reached XP level 10. HP: 98/98 MP: 9/9
  7534 | D:10     | Entered Level 10 of the Dungeon
  7579 | D:10     | Found a flagged portal.
  7600 | Bailey   | Entered a bailey
  7837 | Bailey   | Noticed Grum
  7852 | Bailey   | Killed Grum
  8300 | D:10     | Gained mutation: You are dopey. (Int -2) [Ru sacrifice]
  8300 | D:10     | Reached ** piety under Ru
  8640 | D:11     | Found a runed translucent door.
  8640 | D:11     | Found a shimmering altar of Xom.
  8640 | D:11     | Noticed SuperJoe's ghost (journeyman FeCA)
  8642 | D:11     | Noticed a +3 flail of chaos
  8720 | D:11     | Noticed a death yak
  8734 | D:11     | Noticed a death yak
  8735 | D:11     | Noticed a death yak
  8752 | D:10     | Killed a death yak
  8753 | D:10     | Reached skill level 13 in Unarmed Combat
  8970 | D:11     | Found a shadowy altar of Dithmenos.
  8997 | D:11     | Identified the +8 falchion "Orugas" {flame, Str+3 SInv}
  9121 | D:11     | Found a staircase to the Lair.
  9145 | D:11     | Killed a death yak
  9145 | D:11     | Noticed a two-headed ogre
  9152 | D:11     | Killed a death yak
  9160 | D:11     | Killed a two-headed ogre
  9161 | D:11     | Reached skill level 14 in Unarmed Combat
  9529 | D:11     | Killed a +3 flail of chaos
  9530 | D:11     | Reached skill level 5 in Armour
  9545 | D:11     | Killed SuperJoe's ghost
  9632 | D:12     | Reached XP level 11. HP: 87/107 MP: 10/10
 10336 | D:13     | Gained mutation: You cannot train Dodging skill. [Ru
                  | sacrifice]
 10336 | D:13     | Reached *** piety under Ru
 10517 | D:13     | Reached skill level 15 in Unarmed Combat
 10517 | D:13     | Noticed a tengu warrior
 10558 | D:13     | HP: 5/103 [vampire mosquito (6)]
 10576 | D:13     | Killed a tengu warrior
 10656 | D:13     | Found a gate to the Vaults.
 10693 | D:13     | Noticed a death knight
 10763 | D:12     | Killed a death knight
 10763 | D:12     | Killed by mirror damage

Illustrated notes

Levels and vault maps discovered:
D:1:      roadster_arrival_rocket_small, layout_rooms, serial_forest,
          infiniplex_forest_end_3, infiniplex_forest_end_3,
          infiniplex_forest_end_2, infiniplex_forest_lined_3,
          infiniplex_forest_zigzag_1, infiniplex_forest_lined_2,
          minmay_misc_feat_roman
D:2:      layout_rooms, basic_altar, nicolae_houndstooth_variations
D:3:      layout_loops_ring, marbit_many_paths, cheibrodos_sewer_entry_sluice,
          hex_large
D:4:      layout_loops_cross
D:5:      layout_gridville, enter_ossuary_5
D:6:      black_bear_nest_2, layout_basic, kennysheep_flooded_box,
          roderic_lattice_a, dreamdust_wishing_well
D:7:      layout_cave_pods, minmay_temple_entry_statues_pillars,
          gammafunk_ghost_grave, uniq_maggie
D:8:      layout_basic, grunt_ministairs_7, grunt_decor_junction
D:9:      layout_roguey, overflow_temple_1_default, orc_0_dummy,
          uniq_prince_ribbit1, uniq_erica, uniq_erolcha
D:10:     layout_small_grid, enter_bailey_4
D:11:     layout_irregular_city, dpeg_lair_monsters, ebering_ghost_xom,
          nicolae_dithmenos_shadow_blocks
D:12:     layout_irregular_city
D:13:     layout_irregular_city, david_vaults_2, uniq_kirke, uniq_snorg
Temple:   nicolae_temple_slightly_damp_pantheon

Skill      XL: |  1  2  3  4  5  6  7  8  9 10 11 |
---------------+----------------------------------+-----
Shields        | 3 4 5 6 8 |  8.9
Unarmed Combat | 3 4 5 6 7 11 12 14 15 | 15.4
Fighting       | 5 6 |  6.6
Armour         | 2 5 6 |  6.3
Dodging        | 0 |  0.0

Action                     |  1- 3 |  4- 6 |  7- 9 | 10-12 || total
---------------------------+-------+-------+-------+-------++-------
  Melee: Unarmed           |   100 |   187 |   464 |   381 ||  1132
  Throw: Dart              |       |       |     2 |     3 ||     5
 Invoke: Sacrifice Experie |       |       |     1 |       ||     1
         Sacrifice Purity  |       |       |       |     1 ||     1
         Draw Out Power    |       |       |       |     2 ||     2
         Sacrifice Nimblen |       |       |       |     1 ||     1
  Evoke: Phial of floods   |       |       |       |     1 ||     1
    Use: Scroll            |     5 |       |     9 |     1 ||    15
         Potion            |       |       |     2 |     7 ||     9
   Stab: Sleeping          |     1 |     1 |       |       ||     2
         Invisible         |       |       |       |     3 ||     3
 Armour: Robe              |    60 |   163 |   152 |       ||   375
         Swamp dragon scal |       |       |   150 |   210 ||   360
  Dodge: Dodged            |    45 |   118 |   162 |   105 ||   430
         Repelled          |       |       |     2 |     3 ||     5
  Block: Kite shield       |    42 |   119 |   267 |   308 ||   736
         Reflection        |       |       |       |     8 ||     8
